[ AOE2 MATCH · #463514083 ]
Team RMGoths vs Italians
[ REPLAY ANALYSIS · EXTRACTED FROM THE RECORDED GAME ]
Feudal
15:33
Castle
22:20
Imperial
37:57
| APM avg | 22.7 |
| APM peak | 102 |
| eAPM avg | 15.8 |
| Villagers / military | 94 / 825 |
Focus
⚔️ 62.4% · 🌾 37.6%
Huskarl ×433 · Spearman ×339 · Mangonel ×17 · Battering Ram ×15 · Trebuchet (Packed) ×7 · Knight ×6
Feudal
—
Castle
—
Imperial
—
| APM avg | 52.6 |
| APM peak | 306 |
| eAPM avg | 47.5 |
| Villagers / military | 207 / 275 |
Focus
⚔️ 13.9% · 🌾 86.1%
Unknown (882) ×234 · Genoese Crossbowman ×149 · Trade Cart ×51 · Scorpion ×26 · Knight ×17 · Scout Cavalry ×16
Feudal
14:43
Castle
29:29
Imperial
50:34
| APM avg | 12.0 |
| APM peak | 27 |
| eAPM avg | 9.8 |
| Villagers / military | 123 / 335 |
Focus
⚔️ 45.3% · 🌾 54.7%
Leitis ×87 · Fire Galley ×76 · Spearman ×29 · Skirmisher ×29 · Knight ×27 · Cannon Galleon ×27
Feudal
—
Castle
—
Imperial
—
| APM avg | 48.3 |
| APM peak | 329 |
| eAPM avg | 43.8 |
| Villagers / military | 179 / 218 |
Focus
⚔️ 4.5% · 🌾 95.5%
Cannon Galleon ×87 · Knight ×62 · Militia ×29 · Trade Cart ×28 · Demolition Raft ×16 · Fishing Ship ×11
Match map
Initial resources + every placement click. Lines = walls · curves = elevation contours. ◆ gold · ⬟ stone · ● berries · ✦ relic · ◌ wall gap
Your base· Open — 6t gap
napomaster5858's base· Open — unwalled flank
UpperCut5440's base· Open — 6t gap
marrog26-1's base· Open — unwalled flank
Smoothed initial terrain · ◌ = detected wall gap · hover for details
Inputs per minute
— Vatra_3052 - - napomaster5858
Build order — Vatra_3052
First 150 of 1144 actions detected
| 0:18 | Build | Town Center |
| 0:37 | Build | House |
| 0:39 | Build | House |
| 1:33 | Build | House |
| 2:17 | Create | Villager (Male) |
| 2:17 | Create | Villager (Male) |
| 2:17 | Create | Villager (Male) |
| 2:18 | Create | Villager (Male) |
| 3:51 | Create | Villager (Male) |
| 4:27 | Create | Villager (Male) |
| 4:50 | Create | Villager (Male) |
| 5:27 | Create | Villager (Male) |
| 5:52 | Create | Villager (Male) |
| 6:01 | Build | Lumber Camp |
| 6:05 | Create | Villager (Male) |
| 6:34 | Create | Villager (Male) |
| 7:08 | Create | Villager (Male) |
| 7:08 | Create | Villager (Male) |
| 7:24 | Create | Villager (Male) |
| 8:11 | Build | House |
| 8:15 | Create | Villager (Male) |
| 8:16 | Create | Villager (Male) |
| 8:52 | Build | Mill |
| 8:57 | Create | Villager (Male) |
| 8:58 | Create | Villager (Male) |
| 8:58 | Create | Villager (Male) |
| 9:24 | Create | Villager (Male) |
| 10:43 | Build | Mill |
| 11:59 | Build | Barracks |
| 13:23 | Research | Feudal Age |
| 13:56 | Build | House |
| 13:58 | Build | House |
| 13:59 | Build | House |
| 15:33 | Age | Feudal Age |
| 16:14 | Build | Market |
| 16:32 | Create | Villager (Male) |
| 16:32 | Create | Villager (Male) |
| 16:32 | Create | Villager (Male) |
| 16:33 | Create | Villager (Male) |
| 16:37 | Build | House |
| 17:14 | Build | Lumber Camp |
| 17:23 | Build | Mining Camp |
| 17:28 | Build | House |
| 17:32 | Build | House |
| 17:33 | Build | House |
| 18:17 | Build | Farm |
| 18:19 | Build | Farm |
| 18:41 | Build | Blacksmith |
| 19:37 | Build | Farm |
| 19:40 | Research | Castle Age |
| 19:57 | Build | Stable |
| 21:01 | Create | Scout Cavalry |
| 21:02 | Create | Scout Cavalry |
| 21:10 | Build | Mining Camp |
| 21:49 | Build | Mill |
| 22:20 | Age | Castle Age |
| 22:31 | Build | Town Center |
| 22:53 | Create | Villager (Male) |
| 22:54 | Create | Villager (Male) |
| 22:54 | Create | Villager (Male) |
| 22:55 | Create | Villager (Male) |
| 23:31 | Create | Villager (Male) |
| 23:32 | Create | Villager (Male) |
| 23:32 | Create | Villager (Male) |
| 23:32 | Create | Villager (Male) |
| 23:33 | Create | Villager (Male) |
| 23:33 | Create | Villager (Male) |
| 23:44 | Build | Barracks |
| 23:56 | Build | Farm |
| 24:02 | Research | Horse Collar |
| 24:05 | Research | Double-Bit Axe |
| 24:24 | Create | Knight |
| 24:25 | Create | Knight |
| 24:26 | Create | Knight |
| 24:26 | Create | Knight |
| 24:27 | Create | Knight |
| 24:28 | Create | Knight |
| 25:11 | Build | Mill |
| 26:00 | Create | Villager (Male) |
| 26:00 | Create | Villager (Male) |
| 26:00 | Create | Villager (Male) |
| 26:00 | Create | Villager (Male) |
| 26:25 | Create | Villager (Male) |
| 26:26 | Create | Villager (Male) |
| 26:26 | Create | Villager (Male) |
| 26:48 | Build | Farm |
| 26:53 | Create | Villager (Male) |
| 26:53 | Create | Villager (Male) |
| 26:54 | Create | Villager (Male) |
| 26:54 | Create | Villager (Male) |
| 27:06 | Build | Farm |
| 27:28 | Research | Squires |
| 28:07 | Build | Town Center |
| 28:35 | Build | Farm |
| 28:39 | Build | Farm |
| 29:59 | Build | Castle |
| 31:03 | Create | Villager (Male) |
| 31:04 | Create | Villager (Male) |
| 31:04 | Create | Villager (Male) |
| 31:04 | Create | Villager (Male) |
| 31:04 | Create | Villager (Male) |
| 31:37 | Build | Farm |
| 31:42 | Research | Heavy Plow |
| 31:44 | Research | Bow Saw |
| 31:49 | Build | Farm |
| 31:52 | Build | Farm |
| 31:55 | Build | Farm |
| 31:58 | Build | Farm |
| 32:01 | Build | Farm |
| 32:05 | Build | Farm |
| 32:12 | Build | Mining Camp |
| 32:31 | Build | Farm |
| 32:35 | Build | Farm |
| 32:37 | Build | Farm |
| 32:48 | Build | Farm |
| 33:01 | Research | Anarchy |
| 33:18 | Build | Barracks |
| 33:20 | Build | Barracks |
| 33:21 | Build | Barracks |
| 33:32 | Create | Villager (Male) |
| 33:32 | Create | Villager (Male) |
| 33:33 | Create | Villager (Male) |
| 33:33 | Create | Villager (Male) |
| 33:33 | Create | Villager (Male) |
| 33:34 | Create | Villager (Male) |
| 33:34 | Create | Villager (Male) |
| 33:38 | Research | Wheelbarrow |
| 33:43 | Research | Gold Mining |
| 34:43 | Research | Imperial Age |
| 35:02 | Create | Villager (Male) |
| 35:02 | Create | Villager (Male) |
| 35:02 | Create | Villager (Male) |
| 35:03 | Create | Villager (Male) |
| 35:18 | Build | Siege Workshop |
| 35:28 | Build | Barracks |
| 35:30 | Build | Barracks |
| 35:32 | Build | Barracks |
| 36:03 | Research | Hand Cart |
| 37:16 | Build | House |
| 37:17 | Build | House |
| 37:18 | Build | House |
| 37:19 | Build | House |
| 37:20 | Build | House |
| 37:21 | Build | House |
| 37:57 | Age | Imperial Age |
| 38:22 | Build | Barracks |
| 38:23 | Build | Barracks |
| 38:25 | Build | Barracks |
| 38:40 | Create | Huskarl |
| 38:40 | Create | Huskarl |
Build order — napomaster5858
First 150 of 1515 actions detected
| 2:26 | Build | Town Center |
| 2:51 | Build | House |
| 2:53 | Build | House |
| 4:16 | Create | Villager (Male) |
| 4:17 | Create | Villager (Male) |
| 4:17 | Create | Villager (Male) |
| 4:17 | Create | Villager (Male) |
| 4:20 | Research | Loom |
| 4:26 | Build | Dock |
| 6:14 | Create | Fishing Ship |
| 6:46 | Create | Fishing Ship |
| 7:33 | Create | Fishing Ship |
| 8:03 | Create | Fishing Ship |
| 8:48 | Create | Villager (Male) |
| 8:49 | Create | Villager (Male) |
| 8:49 | Create | Villager (Male) |
| 9:42 | Create | Villager (Male) |
| 9:43 | Create | Villager (Male) |
| 9:43 | Create | Villager (Male) |
| 9:43 | Create | Villager (Male) |
| 10:10 | Build | House |
| 10:13 | Create | Villager (Male) |
| 10:13 | Create | Villager (Male) |
| 10:14 | Create | Villager (Male) |
| 11:05 | Build | House |
| 11:06 | Create | Villager (Male) |
| 11:06 | Create | Villager (Male) |
| 11:07 | Create | Villager (Male) |
| 11:35 | Create | Villager (Male) |
| 12:27 | Build | Lumber Camp |
| 12:29 | Create | Villager (Male) |
| 12:30 | Create | Villager (Male) |
| 12:40 | Build | House |
| 12:42 | Build | House |
| 13:28 | Create | Villager (Male) |
| 14:00 | Build | Dock |
| 15:05 | Research | Feudal Age |
| 15:14 | Build | Barracks |
| 15:15 | Build | House |
| 15:25 | Create | Fishing Ship |
| 15:25 | Create | Fishing Ship |
| 16:22 | Build | Mining Camp |
| 16:38 | Create | Villager (Male) |
| 16:38 | Create | Villager (Male) |
| 16:39 | Create | Villager (Male) |
| 16:39 | Create | Villager (Male) |
| 17:13 | Build | Mining Camp |
| 17:21 | Research | Double-Bit Axe |
| 17:42 | Build | Stone Wall |
| 17:52 | Build | Gate |
| 18:04 | Build | Dock |
| 18:06 | Research | Town Watch |
| 18:09 | Create | Villager (Male) |
| 18:10 | Create | Villager (Male) |
| 18:17 | Create | Villager (Male) |
| 18:43 | Create | Villager (Male) |
| 18:47 | Research | Gold Mining |
| 19:25 | Build | Stable |
| 20:02 | Build | Dock |
| 20:05 | Create | Villager (Male) |
| 20:11 | Create | Villager (Male) |
| 20:33 | Build | Stone Wall |
| 21:01 | Build | Dock |
| 21:11 | Build | Mill |
| 21:19 | Create | Scout Cavalry |
| 21:20 | Create | Scout Cavalry |
| 21:42 | Create | Fire Galley |
| 21:42 | Create | Fire Galley |
| 21:44 | Create | Unit 2626 |
| 21:51 | Build | House |
| 21:53 | Build | House |
| 22:36 | Build | Mining Camp |
| 22:48 | Build | Market |
| 23:34 | Build | Gate |
| 23:34 | Create | Villager (Male) |
| 23:35 | Create | Villager (Male) |
| 23:42 | Research | Stone Mining |
| 23:44 | Research | Horse Collar |
| 24:04 | Research | Castle Age |
| 24:06 | Research | Wheelbarrow |
| 24:07 | Research | Castle Age |
| 24:13 | Create | Fishing Ship |
| 24:59 | Build | Mining Camp |
| 25:14 | Create | Villager (Male) |
| 25:14 | Create | Villager (Male) |
| 25:14 | Create | Villager (Male) |
| 26:14 | Build | Barracks |
| 26:35 | Build | House |
| 26:35 | Build | House |
| 26:36 | Build | House |
| 26:38 | Build | House |
| 27:12 | Build | Blacksmith |
| 27:47 | Create | Villager (Male) |
| 27:47 | Create | Villager (Male) |
| 27:48 | Create | Villager (Male) |
| 27:48 | Create | Villager (Male) |
| 28:19 | Create | Unit 2626 |
| 28:20 | Create | Unit 2626 |
| 28:22 | Research | War Galley (upgrade) |
| 28:24 | Create | Galley |
| 28:26 | Research | Tech 905 |
| 28:28 | Research | Tech 906 |
| 28:46 | Build | Dock |
| 29:05 | Create | Galley |
| 29:06 | Create | Galley |
| 29:08 | Create | Unit 2626 |
| 29:09 | Create | Fire Galley |
| 29:20 | Build | Lumber Camp |
| 30:09 | Create | Galley |
| 30:18 | Research | Pikeman (upgrade) |
| 30:31 | Build | Castle |
| 30:56 | Build | University |
| 31:53 | Research | Bow Saw |
| 32:18 | Build | Monastery |
| 32:22 | Create | Villager (Male) |
| 32:22 | Create | Villager (Male) |
| 32:23 | Create | Villager (Male) |
| 32:23 | Create | Villager (Male) |
| 32:28 | Create | Villager (Male) |
| 32:31 | Research | Silk Road |
| 32:50 | Build | Town Center |
| 32:58 | Research | Fortified Wall (upgrade) |
| 33:18 | Create | Spearman |
| 33:18 | Create | Spearman |
| 33:18 | Create | Spearman |
| 33:18 | Create | Spearman |
| 33:19 | Create | Spearman |
| 33:19 | Create | Spearman |
| 33:25 | Create | Monk |
| 33:47 | Create | Villager (Male) |
| 33:57 | Create | Trade Cart |
| 33:57 | Create | Trade Cart |
| 33:58 | Create | Trade Cart |
| 34:13 | Create | Knight |
| 34:14 | Create | Knight |
| 34:14 | Create | Knight |
| 34:17 | Create | Knight |
| 34:29 | Build | Town Center |
| 34:42 | Build | Stone Wall |
| 34:55 | Build | Stone Wall |
| 35:16 | Build | Stone Wall |
| 36:07 | Build | Market |
| 36:23 | Build | Gate |
| 36:29 | Research | Stone Shaft Mining |
| 36:33 | Create | Knight |
| 36:33 | Create | Knight |
| 36:57 | Build | Stone Wall |
| 37:11 | Create | Villager (Male) |
| 37:11 | Create | Villager (Male) |
| 37:42 | Create | Demolition Raft |
Build order — UpperCut5440
First 150 of 533 actions detected
| 0:15 | Build | Town Center |
| 2:08 | Create | Villager (Male) |
| 2:08 | Research | Loom |
| 2:09 | Create | Villager (Male) |
| 2:09 | Create | Villager (Male) |
| 2:10 | Create | Villager (Male) |
| 2:10 | Create | Villager (Male) |
| 2:10 | Create | Villager (Male) |
| 2:40 | Build | House |
| 2:44 | Build | House |
| 2:46 | Build | House |
| 2:48 | Build | House |
| 4:20 | Create | Villager (Male) |
| 4:20 | Create | Villager (Male) |
| 5:09 | Create | Villager (Male) |
| 5:09 | Create | Villager (Male) |
| 6:04 | Create | Villager (Male) |
| 6:04 | Create | Villager (Male) |
| 6:04 | Create | Villager (Male) |
| 6:25 | Build | Mill |
| 6:29 | Create | Villager (Male) |
| 6:53 | Create | Villager (Male) |
| 7:09 | Create | Villager (Male) |
| 7:50 | Create | Villager (Male) |
| 7:50 | Create | Villager (Male) |
| 8:13 | Build | Lumber Camp |
| 8:30 | Create | Villager (Male) |
| 9:05 | Create | Villager (Male) |
| 9:05 | Create | Villager (Male) |
| 9:16 | Build | Farm |
| 9:23 | Build | Farm |
| 9:44 | Build | House |
| 9:48 | Build | House |
| 9:50 | Build | House |
| 9:57 | Create | Villager (Male) |
| 9:58 | Create | Villager (Male) |
| 10:20 | Build | Farm |
| 10:25 | Build | Farm |
| 10:31 | Create | Villager (Male) |
| 10:55 | Build | Farm |
| 11:11 | Build | Farm |
| 11:19 | Create | Villager (Male) |
| 11:44 | Build | Mining Camp |
| 12:22 | Build | Mill |
| 12:33 | Research | Feudal Age |
| 12:59 | Build | Barracks |
| 13:52 | Create | Villager (Male) |
| 13:52 | Create | Villager (Male) |
| 13:53 | Create | Villager (Male) |
| 13:53 | Create | Villager (Male) |
| 14:10 | Create | Militia |
| 14:10 | Create | Militia |
| 14:11 | Create | Militia |
| 14:43 | Age | Feudal Age |
| 15:05 | Research | Man-at-Arms (upgrade) |
| 15:06 | Create | Militia |
| 15:29 | Build | Mining Camp |
| 15:46 | Build | Stone Wall |
| 15:54 | Build | Gate |
| 15:58 | Create | Militia |
| 15:59 | Create | Militia |
| 15:59 | Create | Militia |
| 16:15 | Create | Villager (Male) |
| 16:30 | Build | Market |
| 16:36 | Create | Villager (Male) |
| 17:00 | Create | Villager (Male) |
| 17:02 | Create | Villager (Male) |
| 17:38 | Build | Stone Wall |
| 17:52 | Build | Stone Wall |
| 18:19 | Build | Lumber Camp |
| 18:23 | Research | Gold Mining |
| 18:42 | Build | Stone Wall |
| 18:58 | Research | Stone Mining |
| 19:02 | Research | Horse Collar |
| 19:07 | Create | Villager (Male) |
| 19:07 | Create | Villager (Male) |
| 19:08 | Create | Villager (Male) |
| 19:23 | Build | House |
| 19:28 | Build | House |
| 19:45 | Build | Gate |
| 19:54 | Build | Gate |
| 20:02 | Research | Double-Bit Axe |
| 20:05 | Create | Villager (Male) |
| 20:05 | Create | Villager (Male) |
| 20:26 | Build | Stone Wall |
| 20:42 | Create | Villager (Male) |
| 20:42 | Create | Villager (Male) |
| 20:55 | Build | Gate |
| 21:06 | Build | Farm |
| 21:11 | Build | Farm |
| 21:46 | Create | Trade Cart |
| 22:00 | Create | Villager (Male) |
| 22:00 | Create | Villager (Male) |
| 22:21 | Build | Stone Wall |
| 22:30 | Build | Stone Wall |
| 23:08 | Create | Spearman |
| 23:09 | Create | Militia |
| 23:37 | Build | Dock |
| 23:49 | Build | Watch Tower |
| 24:05 | Create | Militia |
| 24:14 | Build | House |
| 24:17 | Build | House |
| 24:18 | Build | House |
| 24:20 | Build | House |
| 24:21 | Build | House |
| 24:23 | Build | House |
| 24:55 | Build | Archery Range |
| 24:57 | Create | Villager (Male) |
| 24:58 | Create | Villager (Male) |
| 25:20 | Build | Watch Tower |
| 25:30 | Build | Watch Tower |
| 25:41 | Build | Watch Tower |
| 25:48 | Create | Fire Galley |
| 25:48 | Create | Fire Galley |
| 26:10 | Build | Stone Wall |
| 26:16 | Build | Gate |
| 26:29 | Create | Spearman |
| 26:29 | Create | Spearman |
| 26:47 | Create | Fire Galley |
| 26:49 | Research | Castle Age |
| 26:53 | Create | Skirmisher |
| 27:34 | Build | Lumber Camp |
| 27:50 | Build | Watch Tower |
| 28:25 | Create | Fire Galley |
| 28:32 | Create | Villager (Male) |
| 28:33 | Create | Villager (Male) |
| 28:33 | Create | Villager (Male) |
| 28:33 | Create | Villager (Male) |
| 28:33 | Create | Villager (Male) |
| 28:34 | Create | Villager (Male) |
| 28:45 | Build | Stone Wall |
| 28:50 | Build | Gate |
| 29:09 | Create | Fire Galley |
| 29:25 | Build | Mining Camp |
| 29:29 | Age | Castle Age |
| 29:47 | Build | Stone Wall |
| 29:54 | Build | Gate |
| 30:08 | Create | Fire Galley |
| 30:09 | Research | Tech 905 |
| 30:27 | Create | Fire Galley |
| 30:47 | Create | Fishing Ship |
| 30:47 | Create | Fishing Ship |
| 30:58 | Build | Dock |
| 31:13 | Build | Mill |
| 31:25 | Create | Villager (Male) ×5 |
| 32:26 | Build | Town Center |
| 32:52 | Create | Skirmisher |
| 32:52 | Create | Skirmisher |
| 32:57 | Research | Long Swordsman (upgrade) |
| 32:58 | Research | Pikeman (upgrade) |
Build order — marrog26-1
First 150 of 992 actions detected
| 2:05 | Build | Town Center |
| 3:56 | Create | Villager (Male) |
| 4:11 | Create | Villager (Male) |
| 4:23 | Build | House |
| 4:28 | Research | Loom |
| 4:45 | Build | House |
| 5:11 | Create | Villager (Male) |
| 5:48 | Create | Villager (Male) |
| 6:19 | Create | Villager (Male) |
| 6:21 | Create | Villager (Male) |
| 6:50 | Build | Dock |
| 6:55 | Create | Villager (Male) |
| 7:12 | Create | Villager (Male) |
| 8:00 | Create | Villager (Male) |
| 8:08 | Build | House |
| 8:17 | Create | Villager (Male) |
| 8:55 | Create | Villager (Male) |
| 9:01 | Create | Fishing Ship |
| 9:31 | Create | Villager (Male) |
| 9:58 | Create | Fishing Ship |
| 10:06 | Build | House |
| 10:09 | Build | House |
| 11:12 | Create | Villager (Male) |
| 11:15 | Create | Fishing Ship |
| 11:45 | Create | Villager (Male) |
| 11:51 | Create | Fishing Ship |
| 12:14 | Build | Lumber Camp |
| 12:31 | Create | Villager (Male) |
| 12:45 | Create | Villager (Male) |
| 12:48 | Create | Fishing Ship |
| 13:00 | Create | Villager (Male) |
| 13:30 | Create | Villager (Male) |
| 13:38 | Create | Fishing Ship |
| 13:38 | Create | Fishing Ship |
| 13:47 | Build | House |
| 13:55 | Create | Villager (Male) |
| 14:05 | Create | Fishing Ship |
| 14:34 | Build | Mining Camp |
| 14:53 | Research | Feudal Age |
| 15:03 | Create | Villager (Male) |
| 15:08 | Create | Fishing Ship |
| 15:57 | Create | Fishing Ship |
| 16:51 | Create | Fishing Ship |
| 17:29 | Build | Stone Wall |
| 17:47 | Build | Stone Wall |
| 17:59 | Build | Stone Wall |
| 18:14 | Build | Stone Wall |
| 18:17 | Create | Villager (Male) |
| 18:43 | Build | Mill |
| 18:53 | Create | Villager (Male) |
| 19:02 | Build | House |
| 19:28 | Build | Gate |
| 19:38 | Create | Fire Galley |
| 19:47 | Create | Villager (Male) |
| 20:13 | Create | Villager (Male) |
| 20:21 | Create | Villager (Male) |
| 20:47 | Build | Mining Camp |
| 21:02 | Research | Wheelbarrow |
| 21:06 | Research | Gold Mining |
| 21:10 | Research | Double-Bit Axe |
| 21:14 | Research | Stone Mining |
| 21:18 | Build | House |
| 21:26 | Create | Villager (Male) |
| 21:38 | Build | Stone Wall |
| 22:11 | Build | House |
| 22:29 | Build | Market |
| 22:44 | Build | Barracks |
| 23:10 | Create | Villager (Male) |
| 23:31 | Create | Villager (Male) |
| 23:41 | Build | Stable |
| 23:48 | Create | Villager (Male) |
| 24:00 | Create | Villager (Male) |
| 24:17 | Create | Fire Galley |
| 24:37 | Build | Archery Range |
| 24:41 | Research | Castle Age |
| 25:02 | Build | House |
| 25:07 | Create | Trade Cart |
| 25:15 | Research | Horse Collar |
| 25:33 | Create | Galley |
| 25:38 | Create | Fire Galley |
| 26:15 | Build | Blacksmith |
| 27:23 | Create | Trade Cart |
| 27:53 | Build | Town Center |
| 28:07 | Build | Town Center |
| 28:09 | Create | Villager (Male) |
| 28:23 | Build | Monastery |
| 28:39 | Create | Villager (Male) |
| 28:54 | Create | Villager (Male) |
| 29:02 | Research | Caravan |
| 29:10 | Research | Fletching |
| 29:21 | Create | Villager (Male) |
| 29:21 | Create | Villager (Male) |
| 29:21 | Create | Villager (Male) |
| 29:32 | Build | University |
| 29:40 | Build | Farm |
| 29:41 | Build | Farm |
| 29:41 | Build | Farm |
| 29:41 | Build | Farm |
| 29:41 | Build | Farm |
| 29:41 | Build | Farm |
| 29:41 | Build | Fish Trap |
| 29:49 | Build | House |
| 29:52 | Build | House |
| 29:53 | Build | House |
| 29:55 | Build | House |
| 30:02 | Research | Bodkin Arrow |
| 30:14 | Build | Farm |
| 30:14 | Build | Farm |
| 30:14 | Build | Farm |
| 30:14 | Build | Farm |
| 30:14 | Build | Farm |
| 30:14 | Build | Farm |
| 30:14 | Build | Farm |
| 30:14 | Build | Farm |
| 30:14 | Build | Farm |
| 30:14 | Build | Farm |
| 30:14 | Build | Farm |
| 30:40 | Build | Farm |
| 30:40 | Build | Farm |
| 30:40 | Build | Farm |
| 30:40 | Build | Farm |
| 30:40 | Build | Farm |
| 30:40 | Build | Farm |
| 30:40 | Build | Farm |
| 30:40 | Build | Farm |
| 30:40 | Build | Farm |
| 30:40 | Build | Farm |
| 30:40 | Build | Farm |
| 30:40 | Create | Villager (Male) |
| 30:40 | Create | Villager (Male) |
| 30:40 | Create | Villager (Male) |
| 30:42 | Build | Farm |
| 30:42 | Build | Farm |
| 30:42 | Build | Farm |
| 30:42 | Build | Farm |
| 30:42 | Build | Farm |
| 30:42 | Build | Farm |
| 30:43 | Build | Farm |
| 30:43 | Build | Farm |
| 30:43 | Build | Farm |
| 30:43 | Build | Farm |
| 30:43 | Build | Farm |
| 30:43 | Build | Farm |
| 30:54 | Build | Fish Trap |
| 30:54 | Build | Fish Trap |
| 30:54 | Build | Fish Trap |
| 30:54 | Build | Fish Trap |
| 30:54 | Build | Fish Trap |
| 30:54 | Build | Fish Trap |
| 30:54 | Build | Fish Trap |
Match timeline
| 4:26 | napomaster5858 · first_building Dock |
| 6:50 | marrog26-1 · first_building Dock |
| 11:59 | Vatra_3052 · first_building Barracks |
| 12:59 | UpperCut5440 · first_building Barracks |
| 14:43 | UpperCut5440 · age_up feudal |
| 15:14 | napomaster5858 · first_building Barracks |
| 15:33 | Vatra_3052 · age_up feudal |
| 15:46 | UpperCut5440 · wall_segment Stone Wall x19 |
| 17:29 | marrog26-1 · wall_segment Stone Wall x2 |
| 17:38 | UpperCut5440 · wall_segment Stone Wall x7 |
| 17:42 | napomaster5858 · wall_segment Stone Wall x29 |
| 17:47 | marrog26-1 · wall_segment Stone Wall x1 |
| 17:52 | UpperCut5440 · wall_segment Stone Wall x22 |
| 17:59 | marrog26-1 · wall_segment Stone Wall x13 |
| 18:14 | marrog26-1 · wall_segment Stone Wall x13 |
| 18:42 | UpperCut5440 · wall_segment Stone Wall x21 |
| 19:25 | napomaster5858 · first_building Stable |
| 19:57 | Vatra_3052 · first_building Stable |
| 20:26 | UpperCut5440 · wall_segment Stone Wall x8 |
| 20:33 | napomaster5858 · wall_segment Stone Wall x13 |
| 21:38 | marrog26-1 · wall_segment Stone Wall x1 |
| 22:20 | Vatra_3052 · age_up castle |
| 22:21 | UpperCut5440 · wall_segment Stone Wall x3 |
| 22:30 | UpperCut5440 · wall_segment Stone Wall x4 |
| 22:44 | marrog26-1 · first_building Barracks |
| 23:37 | UpperCut5440 · first_building Dock |
| 23:41 | marrog26-1 · first_building Stable |
| 24:37 | marrog26-1 · first_building Archery Range |
| 24:55 | UpperCut5440 · first_building Archery Range |
| 26:10 | UpperCut5440 · wall_segment Stone Wall x13 |
| 27:33 | marrog26-1 · first_market_buy 100 food |
| 28:23 | marrog26-1 · first_building Monastery |
| 28:45 | UpperCut5440 · wall_segment Stone Wall x8 |
| 29:29 | UpperCut5440 · age_up castle |
| 29:43 | Vatra_3052 · first_market_buy 100 stone |
| 29:47 | UpperCut5440 · wall_segment Stone Wall x18 |
| 29:59 | Vatra_3052 · first_building Castle |
| 30:31 | napomaster5858 · first_building Castle |
| 32:18 | napomaster5858 · first_building Monastery |
| 33:33 | UpperCut5440 · first_building Castle |
| 34:42 | napomaster5858 · wall_segment Stone Wall x28 |
| 34:55 | napomaster5858 · wall_segment Stone Wall x7 |
| 34:57 | UpperCut5440 · wall_segment Stone Wall x14 |
| 35:16 | napomaster5858 · wall_segment Stone Wall x9 |
| 35:18 | Vatra_3052 · first_building Siege Workshop |
| 35:32 | marrog26-1 · first_building Castle |
| 35:43 | marrog26-1 · first_building Siege Workshop |
| 36:57 | napomaster5858 · wall_segment Stone Wall x13 |
| 37:57 | Vatra_3052 · age_up imperial |
| 38:19 | marrog26-1 · first_market_sell 100 stone |
| 39:13 | UpperCut5440 · wall_segment Stone Wall x11 |
| 39:36 | UpperCut5440 · wall_segment Stone Wall x11 |
| 40:23 | UpperCut5440 · first_building Stable |
| 41:18 | marrog26-1 · wall_segment Stone Wall x30 |
| 41:38 | marrog26-1 · wall_segment Stone Wall x4 |
| 43:05 | marrog26-1 · wall_segment Stone Wall x4 |
| 43:14 | marrog26-1 · wall_segment Stone Wall x20 |
| 47:18 | napomaster5858 · first_market_buy 100 food |
| 48:17 | UpperCut5440 · first_building Monastery |
| 48:25 | Vatra_3052 · first_market_sell 100 wood |
| 50:34 | UpperCut5440 · age_up imperial |
| 51:10 | UpperCut5440 · first_building Siege Workshop |
| 51:36 | napomaster5858 · wall_segment Stone Wall x29 |
| 56:26 | marrog26-1 · wall_segment Stone Wall x7 |
| 56:44 | marrog26-1 · wall_segment Stone Wall x6 |
| 59:57 | marrog26-1 · wall_segment Stone Wall x5 |
| 61:44 | napomaster5858 · wall_segment Stone Wall x16 |
| 61:55 | napomaster5858 · wall_segment Stone Wall x7 |
| 62:16 | napomaster5858 · wall_segment Stone Wall x8 |
| 63:22 | napomaster5858 · first_market_sell 100 food |
| 65:17 | UpperCut5440 · wall_segment Stone Wall x2 |
| 71:00 | UpperCut5440 · first_market_buy 100 stone |
| 79:54 | napomaster5858 · wall_segment Stone Wall x6 |
| 80:32 | UpperCut5440 · wall_segment Stone Wall x6 |
| 86:57 | UpperCut5440 · first_market_sell 500 stone |
| 89:51 | napomaster5858 · wall_segment Stone Wall x5 |
| 95:38 | Vatra_3052 · first_building Dock |
| 95:58 | napomaster5858 · first_building Siege Workshop |
| 103:01 | Vatra_3052 · resign |
[ AI ANALYSIS · 1 CREDIT ]
What really happened in this match?
Wolo.gg analyzes every decision: build order, eco, micro, common mistakes by bracket. Personalized analysis on WhatsApp or Discord in 30 seconds.
Civ guide
Goths
Map guide
Shipwreck
Perfil
Jugador #24376900